 Dungeon Crawl Stone Soup version 0.14-a0-1378-gf8e6a88 (webtiles) character file.

682 Leibowitz the Covert (level 7, -11/41 HPs)
             Began as a Kobold Assassin on Dec 8, 2013.
             Mangled by an iguana (14 damage)
             ... on Level 4 of the Dungeon.
             The game lasted 00:13:09 (3298 turns).

Leibowitz the Covert (Kobold Assassin)              Turns: 3298, Time: 00:13:09

HP -11/41        AC  3     Str 10      XL: 7   Next: 47%
MP   9/9         EV 18     Int  9      God:
Gold 157         SH  0     Dex 19      Spells:  0 memorised,  6 levels left

rFire  . . .     SeeInvis +     a - +2 dagger
rCold  . . .     Clarity  .     c - +0 robe
rNeg   . . .     Conserve .     (no shield)
rPois  .         rCorr    .     (no helmet)
rElec  .         rRot     .     d - +0 cloak
SustAb . .       Spirit   .     (no gloves)
rMut   .         Warding  .     (no boots)
Saprov + + .     Stasis   .     (no amulet)
                                u - ring of see invisible {unknown}
                                o - +0,+4 ring of slaying {unknown}

@: about to teleport, slightly resistant to hostile enchantments, extremely
stealthy
A: disease resistance, carnivore 3, saprovore 2
a: no special abilities


You were on level 4 of the Dungeon.
You were very full.

You visited 1 branch of the dungeon, and saw 4 of its levels.

You collected 157 gold pieces.

Inventory:

Hand weapons
 a - a +2,+2 dagger (weapon)
 b - a +0 blowgun
Missiles
 e - 8 poisoned needles
 f - 2 curare-tipped needles
Armour
 c - a +0 robe (worn)
 d - a +0 cloak (worn)
Magical devices
 m - a wand of enslavement (9)
Comestibles
 g - a meat ration
Scrolls
 h - a scroll of curse jewellery {unknown}
 i - 3 scrolls of random uselessness {unknown}
 j - a scroll of teleportation
 k - a scroll of enchant weapon I {unknown}
 l - a scroll of remove curse {unknown}
 n - a scroll of enchant weapon II {unknown}
 p - a scroll of amnesia {unknown}
 r - a scroll of noise {unknown}
 s - a scroll of magic mapping {unknown}
 t - a scroll of identify {unknown}
 v - a scroll of enchant armour {unknown}
 w - a scroll of recharging {unknown}
Jewellery
 o - a +0,+4 ring of slaying (left hand) {unknown}
 u - a ring of see invisible (right hand) {unknown}
Books
 q - a book of Battle

   Spells                             Type                      Level
   Infusion                           Charms                       1
   Shroud of Golubria                 Charms/Translocation         2
   Song of Slaying                    Charms                       2
   Spectral Weapon                    Hexes/Charms                 3
   Regeneration                       Charms/Necromancy            3


   Skills:
 * Level 3.4 Fighting
 + Level 3.3 Short Blades
 - Level 2.6 Throwing
 * Level 4.8 Dodging
 * Level 9.1 Stealth
 + Level 2.0 Evocations


You had 6 spell levels left.
You didn't know any spells.

Dungeon Overview and Level Annotations

Branches:
Dungeon (4/16)
 Temple: D:4-7

Altars:

Annotations:
D:2 Sigmund
D:4 Dovan and Dovessa, Dowan, Duvessa


Innate Abilities, Weirdness & Mutations

You recuperate from illness quickly.
You are small and have problems with some larger weapons.
You are carnivorous and can eat meat at any time.
You can eat rotten meat.


Message History

The iguana closely misses you.
You hit the iguana.
The iguana is moderately wounded.
The orc hits you.
* * * LOW HITPOINT WARNING * * *
Duvessa says, "Where magic fails, the sword succeeds!"
The iguana closely misses you.
You aren't carrying any potions.
Read which item? (? for menu, Esc to quit)
As you read the scroll labeled CUAHOTR IBOPN, it crumbles to dust.
You feel strangely unstable.
It was a scroll of teleportation.
The orc closely misses you. The iguana closely misses you.
You hit the iguana.
The iguana is severely wounded.
The orc hits you.
* * * LOW HITPOINT WARNING * * *
You completely miss the iguana.
The iguana is severely wounded.
The iguana bites you!
You die...

# ... # ... ... #.#
#.# #.# #g# ? #l# #
#.##@# .... #.##o#
#....###.##e#
#....#...##.#
#....#...##.#
#...S#......# . .
.##....###....# ..#
........###....#...# .
..........))..........


You could see Duvessa, an iguana, an orc and a hobgoblin.

Vanquished Creatures
  Purgy (D:4)
  A sky beast (D:4)
  2 orc priests
  An orc wizard (D:3)
  A worker ant (D:4)
  Ijyb (D:3)
  Jessica (D:2)
  An ogre skeleton (D:4)
  Terence (D:3)
  4 adders
  2 worms (D:3)
  4 giant geckos
  An ooze (D:3)
  13 orcs
  4 giant cockroaches
  11 goblins
  11 hobgoblins
  12 kobolds
  A quokka (D:2)
  7 bats
  5 giant newts
  A goblin skeleton (D:4)
  5 jackals (D:3)
  6 rats
97 creatures vanquished.

Vanquished Creatures (collateral kills)
  An orc priest (D:3)
  An adder (D:3)
2 creatures vanquished.

Grand Total: 99 creatures vanquished

Notes
Turn   | Place    | Note
--------------------------------------------------------------
     0 | D:1      | Leibowitz, the Kobold Assassin, began the quest for the Orb.
     0 | D:1      | Reached XP level 1. HP: 12/12 MP: 1/1
   123 | D:1      | Reached XP level 2. HP: 17/17 MP: 2/2
   289 | D:1      | Reached skill level 6 in Stealth
   427 | D:1      | Reached XP level 3. HP: 21/21 MP: 3/3
   460 | D:2      | Noticed Jessica
   465 | D:2      | Killed Jessica
   571 | D:2      | Noticed Sigmund
   594 | D:2      | Reached XP level 4. HP: 17/27 MP: 4/4
   701 | D:2      | Paralysed by a potion of paralysis for 4 turns
  1108 | D:2      | Reached skill level 7 in Stealth
  1937 | D:3      | Noticed Terence
  1990 | D:3      | Killed Terence
  1990 | D:3      | Reached XP level 5. HP: 6/31 MP: 5/5
  2546 | D:3      | Reached XP level 6. HP: 36/36 MP: 6/6
  2581 | D:3      | Reached skill level 1 in Evocations
  2642 | D:3      | Noticed Ijyb
  2647 | D:3      | Killed Ijyb
  2796 | D:4      | Noticed Duvessa
  2796 | D:4      | Noticed Dowan
  2798 | D:4      | Noticed a sky beast
  2852 | D:4      | Reached skill level 8 in Stealth
  2861 | D:4      | Noticed Purgy
  2866 | D:4      | Killed Purgy
  2866 | D:4      | Reached XP level 7. HP: 39/41 MP: 8/8
  3174 | D:4      | Noticed a sky beast
  3183 | D:4      | Killed a sky beast
  3242 | D:4      | Reached skill level 9 in Stealth
  3298 | D:4      | Mangled by an iguana

Action                   |  1- 3 |  4- 6 |  7- 9 || total
-------------------------+-------+-------+-------++-------
Melee: Dagger            |    74 |   146 |    56 ||   276
Evoke: Wand              |     1 |     7 |       ||     8
  Use: Potion            |     5 |     5 |       ||    10
       Scroll            |       |       |     1 ||     1
 Stab: Sleeping          |     8 |     9 |     4 ||    21
       Distracted        |       |     2 |       ||     2
